AoeStats
← jack122800

Arena

510718773Analyzed
1v1 RM · 21h ago on Oct 2, 2026· 32m 5s· 2 players
Game mode
Random Map
Map size
Tiny (2 player)
Population
200
Speed
Normal
Resources
Standard
Victory
Conquest
Starting age
Dark Age
Ending age
Imperial Age
RankedLock teamsTeams togetherTeam positionsShared explorationLock speedFull tech treeHidden civsTurbo modeCheats
Victory
Defeat
🇹🇼 Spanish · Taiwan
1011
+13
🇮🇳 Danes · India
950
-28
Zetharun412
8:43 Loom
13:13 Feudal Age
16:59 Castle Age
15:07 Double-Bit Axe
15:27 Loom
16:43 Wheelbarrow
16:59 Horse Collar
18:20 Forging
18:26 Bow Saw
22:17 Fletching
23:16 Scale Mail Armor
24:14 Heavy Plow
25:30 Arson
25:49 Squires
26:08 Gold Mining
28:07 Town Watch
29:16 Gold Shaft Mining
jack122800
10:06 Feudal Age
14:10 Castle Age
12:11 Double-Bit Axe
13:02 Horse Collar
13:34 Loom
21:59 Wheelbarrow
23:46 Heavy Plow
29:19 Hand Cart
34:16 Imperial Age
32:02 Hand Cart
Connection lost

Rejoining the realm…

Still unreachable

The connection could not be restored.

Session expired

The server has moved on; the page needs a fresh start.